 Dungeon Crawl Stone Soup version 0.23.0 (webtiles) character file.

Game seed: 947858802370145815

14340 tilp the Destroyer (level 11, 0/99 HPs)
             Began as a Green Draconian Conjurer on Feb 10, 2019.
             Was a Believer of Vehumet.
             Slain by a five-headed hydra (9 damage)
             ... on level 1 of the Lair of Beasts.
             The game lasted 01:03:19 (15631 turns).

tilp the Destroyer (Green Draconian Conjurer)      Turns: 15631, Time: 01:03:19

Health: 0/99       AC: 11    Str: 14    XL:     11   Next: 87%
Magic:  16/20      EV: 14    Int: 18    God:    Vehumet [**....]
Gold:   293        SH:  0    Dex: 15    Spells: 5/22 levels left

rFire    . . .     SeeInvis .   b - +0 scimitar (flame)
rCold    . . .     Gourm    .   (no shield)
rNeg     . . .     Faith    .   (armour unavailable)
rPois    +         Spirit   .   (helmet restricted)
rElec    .         Reflect  .   (no cloak)
rCorr    .         Harm     .   v - +1 pair of gloves
MR       .....                  x - +1 pair of boots
Stlth    +++.......             (no amulet)
HPRegen  0.26/turn              t - +2 ring of strength
MPRegen  0.17/turn              K - +4 ring of dexterity

@: no status effects
A: breathe noxious fumes, unfitting armour, poison resistance, cold-blooded, AC
+7
a: Breathe Noxious Fumes, Renounce Religion


You were on level 1 of the Lair of Beasts.
You worshipped Vehumet.
Vehumet was pleased with you.
You were very hungry.

You visited 3 branches of the dungeon, and saw 13 of its levels.
You also visited: Ossuary.

You collected 888 gold pieces.
You spent 595 gold pieces at shops.

Inventory:

Hand Weapons
 a - a +2 dagger of venom
 b - a +0 scimitar of flaming (weapon)
 r - a +3 dagger
 O - a +0 trident of protection
Missiles
 d - 86 sling bullets
 e - 4 throwing nets
 l - 6 tomahawks
 s - 8 javelins (quivered)
 z - 2 silver tomahawks
Armour
 v - a +1 pair of gloves (worn)
 x - a +1 pair of boots (worn)
 Q - a cursed +0 buckler
Jewellery
 q - an uncursed ring of ice
 t - a +2 ring of strength (left hand)
 D - the ring "Itazack" {MR+ Stlth-}
   (You bought it in a shop on level 6 of the Dungeon)

   [ring of attention]

   It affects your resistance to hostile enchantments.
   It makes you less stealthy.
 E - an uncursed ring of resist corrosion
 J - an uncursed ring of ice
 K - a +4 ring of dexterity (right hand)
 L - an uncursed ring of ice
Wands
 h - a wand of paralysis (10)
 I - a wand of polymorph (11)
Scrolls
 f - 8 scrolls of teleportation
 g - a scroll of brand weapon {unknown}
 m - 7 scrolls of remove curse
 n - 4 scrolls of amnesia
 y - 2 scrolls of identify
 H - 2 scrolls of immolation
 P - a scroll of enchant weapon
Potions
 i - 5 potions of haste
 j - 3 potions of lignification
 k - 9 potions of curing
 o - 2 potions of agility {unknown}
 p - 2 potions of mutation
 u - 4 potions of might
 w - a potion of berserk rage {unknown}
 A - a potion of cancellation {unknown}
 B - 2 potions of resistance {unknown}
 C - a potion of flight {unknown}
 F - a potion of magic {unknown}
 G - a potion of invisibility
Miscellaneous
 M - a phantom mirror
Comestibles
 c - 22 rations


   Skills:
 - Level 10.1 Fighting
 - Level 4.4 Dodging
 - Level 4.2 Stealth
 + Level 1.3 Shields
 - Level 6.1 Spellcasting
 - Level 12.0 Conjurations
 - Level 8.9 Evocations


You had 5 spell levels left.
You knew the following spells:

 Your Spells              Type           Power        Failure   Level  Hunger
a - Magic Dart            Conj           ####         1%          1    None
b - Searing Ray           Conj           #####.       1%          2    None
c - Iskenderun's Mystic   Conj           #####...     1%          4    ####...
d - Conjure Flame         Conj/Fire      ####....     3%          3    ##.....
e - Blink                 Tloc           N/A          19%         2    None
f - Apportation           Tloc           #.....       12%         1    None
g - Force Lance           Conj/Tloc      ####....     10%         4    ####...

Your spell library contained the following spells:

 Spells                   Type           Power        Failure   Level  Hunger
 Throw Flame              Conj/Fire      ####..       1%          2    None
 Dazzling Spray           Conj/Hex       ####..       3%          3    ##.....
 Mephitic Cloud           Conj/Pois/Air  ###.....     7%          3    ##.....
 Fulminant Prism          Conj/Hex       ####......   10%         4    ####...
 Animate Skeleton         Necr           N/A          12%         1    None
 Confusing Touch          Hex            #.....       12%         1    None
 Summon Small Mammal      Summ           #...         12%         1    None
 Call Imp                 Summ           #.......     19%         2    None
 Slow                     Hex            #.......     19%         2    None
 Confuse                  Hex            #.......     34%         3    ##.....
 Gell's Gravitas          Tloc           #.........   34%         3    ##.....
 Petrify                  Tmut/Erth      #.......     75%         4    ####...
 Metabolic Englaciation   Hex/Ice        #.........   97%         5    #####..
 Yara's Violent Unravell  Hex/Tmut       #.........   97%         5    #####..


Dungeon Overview and Level Annotations

Branches:
Dungeon (11/15)            Temple (1/1) D:6            Lair (1/6) D:11
    Orc (0/2) D:10

Altars:
Ashenzari
Cheibriados
Dithmenos
Elyvilon
Fedhas
Gozag
Hepliaklqana
Makhleb
Nemelex Xobeh
Okawaru
Qazlal
Ru
Sif Muna
Trog
Uskayaw
Vehumet
Wu Jian
Xom
Yredelemnul
Zin
The Shining One

Shops:
D:6 *   D:8 :

Annotations:
D:4 exclusion: phantom
D:8 1 runed translucent door, Rwicked's ghost, novice DEFE
Lair:1 3 runed translucent doors, exclusion: hydra, Terandir's ghost, journeyman MiFi


Innate Abilities, Weirdness & Mutations

You can breathe blasts of noxious fumes.
Your lurid green scales are hard. (AC +7)
You cannot fit into any form of body armour.
Your system is resistant to poisons. (rPois)
You are cold-blooded and may be slowed by cold attacks.


Message History

Unknown command.
Unknown command.
You barely miss the five-headed hydra.
The five-headed hydra is heavily wounded.
The five-headed hydra closely misses you.
The five-headed hydra bites you! x2; The five-headed hydra bites you. x3
* * * LOW HITPOINT WARNING * * *
The five-headed hydra misses you. The five-headed hydra bites you.
* * * LOW HITPOINT WARNING * * *
The five-headed hydra barely misses you.
The five-headed hydra bites you!
* * * LOW HITPOINT WARNING * * *
Unknown command.
Okay, then.
Okay, then.
You feel better. The five-headed hydra bites you.
* * * LOW HITPOINT WARNING * * *
The five-headed hydra barely misses you.
The five-headed hydra bites you!
You die...

.........................#
#.........?###P.#.##......
#...P.....## #######.##...
#........# ... H..
###......# #.. #.⌠
#...÷..# #D. .. #......#
#.....D# #.....@##
#.......# ##......##
#.......## #P.......#
##......## #......#
#......# #.$....#


You could see a five-headed hydra.

Vanquished Creatures
  Josephine (D:10)
  Harold (D:8)
  Erica (Lair:1)
  A two-headed ogre (D:11)
  A tengu warrior (D:11)
  A queen ant (D:10)
  Pikel (D:7)
  2 ugly things (D:11)
  A manticore (D:11)
  A gargoyle (D:11)
  2 spiny frogs (Lair:1)
  A troll (D:11)
  A hippogriff (D:9)
  5 wraiths
  5 yaks (D:10)
  A wyvern (D:8)
  2 wargs
  6 soldier ants (D:10)
  An acid dragon (D:11)
  5 orc warriors
  A porcupine (Lair:1)
  3 slaves (D:7)
  3 sky beasts (D:11)
  A phantom (D:8)
  A black bear (Lair:1)
  An eye of draining (D:8)
  An ice beast (D:9)
  5 ogres
  A necrophage (D:11)
  2 big kobolds
  9 bullfrogs
  3 scorpions
  4 killer bees (D:7)
  A wight (D:5)
  A howler monkey (D:6)
  2 electric eels
  7 crimson imps
  2 quasits
  4 hounds
  A bullfrog zombie (D:9)
  5 orc priests
  2 bullfrog skeletons
  2 gnoll shamans
  3 centaur skeletons
  5 iguanas
  14 orc wizards
  20 worker ants
  A statue (D:8)
  A big kobold zombie (Ossuary)
  A hound zombie (D:8)
  3 hound skeletons
  8 mummies (Ossuary)
  2 howler monkey zombies
  6 gnolls
  6 adders
  A shadow imp (D:6)
  3 oozes
  An adder zombie (D:5)
  An adder skeleton (D:4)
  3 worms
  5 dart slugs
  29 orcs
  7 bats
  3 giant cockroaches
  A gnoll zombie (Ossuary)
  6 goblins
  7 hobgoblins
  9 jackals
  16 kobolds
  4 quokkas
  9 frilled lizards
  4 hobgoblin zombies (Ossuary)
  2 orc zombies (Ossuary)
  7 rats
290 creatures vanquished.

Vanquished Creatures (collateral kills)
  A worker ant (D:10)
1 creature vanquished.

Vanquished Creatures (others)
  A bullfrog skeleton (D:7)
1 creature vanquished.

Grand Total: 292 creatures vanquished

Notes
Turn   | Place    | Note
-------+----------+-------------------------------------------
     0 | D:1      | tilp the Draconian Conjurer began the quest for the Orb.
     0 | D:1      | Reached XP level 1. HP: 14/14 MP: 3/3
   287 | D:1      | Reached XP level 2. HP: 7/20 MP: 0/5
   730 | D:1      | Reached skill level 5 in Conjurations
   802 | D:1      | Reached XP level 3. HP: 26/26 MP: 4/6
   819 | D:1      | Learned a level 2 spell: Searing Ray
  1091 | D:1      | Reached skill level 1 in Fighting
  1600 | D:2      | Reached XP level 4. HP: 36/36 MP: 2/7
  1759 | D:2      | Found a blossoming altar of Fedhas.
  1762 | D:2      | Found a burning altar of Makhleb.
  2030 | D:2      | Found a shattered altar of Ashenzari.
  2380 | D:3      | Found a snail-covered altar of Cheibriados.
  2574 | D:3      | Found a white marble altar of Elyvilon.
  3158 | D:4      | Reached XP level 5. HP: 39/41 MP: 3/8
  3738 | D:4      | Noticed a phantom
  3801 | D:5      | Entered Level 5 of the Dungeon
  3904 | D:5      | Found a basalt altar of Yredelemnul.
  3915 | D:5      | Reached XP level 6. HP: 48/48 MP: 3/9
  4720 | D:5      | Reached skill level 6 in Conjurations
  4809 | D:5      | Your scales start taking on a lurid green colour.
  4809 | D:5      | Reached XP level 7. HP: 55/55 MP: 12/12
  4809 | D:5      | Gained mutation: Your system is resistant to poisons.
                  | (rPois) [Green Draconian growth]
  5143 | D:6      | Reached skill level 7 in Conjurations
  5210 | D:6      | Found a sparkling altar of Nemelex Xobeh.
  5300 | D:6      | Found an ornate altar of the Wu Jian Council.
  5603 | D:6      | Reached skill level 8 in Conjurations
  5603 | D:6      | Reached XP level 8. HP: 54/61 MP: 14/14
  5609 | D:6      | Learned a level 4 spell: Iskenderun's Mystic Blast
  5671 | D:6      | Found Kaulais's Assorted Antiques.
  5677 | D:6      | Bought a bound copper ring for 115 gold pieces
  5705 | D:6      | Found a staircase to the Ecumenical Temple.
  5724 | Temple   | Entered the Ecumenical Temple
  6081 | D:6      | Identified the ring "Itazack" {MR+ Stlth-} (You bought it
                  | in a shop on level 6 of the Dungeon)
  6383 | D:7      | Found a deep blue altar of Sif Muna.
  6558 | D:7      | Reached skill level 5 in Fighting
  6819 | D:7      | Noticed Pikel
  6840 | D:7      | Killed Pikel
  7347 | D:7      | Reached XP level 9. HP: 78/81 MP: 15/15
  7788 | D:8      | Noticed Harold
  7799 | D:8      | Reached skill level 9 in Conjurations
  7802 | D:8      | Killed Harold
  7802 | D:8      | Reached skill level 10 in Conjurations
  7858 | D:8      | Reached skill level 1 in Evocations
  7932 | D:8      | Found a sand-covered staircase.
  7938 | Ossuary  | Entered an ossuary
  8538 | D:8      | Found a runed translucent door.
  8611 | D:8      | Found a radiant altar of Vehumet.
  8633 | D:8      | Became a worshipper of Vehumet
  8667 | D:8      | You fall through a shaft for 3 floors!
  8709 | D:10     | Entered Level 10 of the Dungeon
  9013 | D:8      | Reached XP level 10. HP: 48/88 MP: 9/17
  9305 | D:8      | Found Xiumn's Book Boutique.
  9313 | D:8      | Bought a book of Cantrips for 240 gold pieces
  9313 | D:8      | Bought a book of Minor Magic for 240 gold pieces
  9317 | D:8      | Learned a level 3 spell: Conjure Flame
  9320 | D:8      | Learned a level 2 spell: Blink
  9322 | D:8      | Learned a level 1 spell: Apportation
  9460 | D:8      | Noticed Rwicked's ghost (novice DEFE)
  9555 | D:9      | Reached skill level 5 in Spellcasting
  9794 | D:9      | Found an iron altar of Okawaru.
  9846 | D:9      | Found a sacrificial altar of Ru.
 10360 | D:10     | Noticed Josephine
 10465 | D:10     | Noticed a queen ant
 10473 | D:10     | Reached skill level 5 in Evocations
 10483 | D:10     | Killed a queen ant
 10483 | D:10     | Reached * piety under Vehumet
 10483 | D:10     | Offered knowledge of Flame Tongue by Vehumet.
 11503 | D:10     | Killed Josephine
 11989 | D:10     | Reached XP level 11. HP: 95/95 MP: 15/20
 12023 | D:10     | Offered knowledge of Sting by Vehumet.
 12273 | D:10     | Reached ** piety under Vehumet
 12499 | D:10     | Found a staircase to the Orcish Mines.
 12585 | D:11     | Noticed a wolf spider
 12587 | D:11     | Noticed a red ugly thing
 12870 | D:11     | Learned a level 4 spell: Force Lance
 13539 | D:11     | Reached skill level 10 in Fighting
 14024 | D:11     | Noticed a purple ugly thing
 14071 | D:11     | Killed a purple ugly thing
 14071 | D:11     | Reached skill level 11 in Conjurations
 14075 | D:11     | Killed a purple ugly thing
 14196 | D:11     | Found a staircase to the Lair.
 14309 | D:11     | Noticed a tengu warrior
 14321 | D:11     | Killed a tengu warrior
 14497 | D:11     | Noticed a two-headed ogre
 14519 | D:11     | Killed a two-headed ogre
 14519 | D:11     | Offered knowledge of Throw Flame by Vehumet.
 14519 | D:11     | Reached skill level 12 in Conjurations
 14815 | D:11     | Found an iron altar of Okawaru.
 14882 | Lair:1   | Entered Level 1 of the Lair of Beasts
 15068 | Lair:1   | Found a runed translucent gate.
 15068 | Lair:1   | Found a runed translucent gate.
 15068 | Lair:1   | Found a runed translucent gate.
 15070 | Lair:1   | Noticed Terandir's ghost (journeyman MiFi)
 15071 | Lair:1   | Noticed a ten-headed hydra
 15137 | Lair:1   | Noticed Erica
 15150 | Lair:1   | Killed Erica
 15301 | Lair:1   | Noticed a five-headed hydra
 15375 | Lair:1   | Reached skill level 1 in Shields
 15436 | Lair:1   | Noticed an eight-headed hydra
 15630 | Lair:1   | HP: 4/99 [five-headed hydra (15)]
 15631 | Lair:1   | Slain by a five-headed hydra

Skill      XL: |  1  2  3  4  5  6  7  8  9 10 11 |
---------------+----------------------------------+-----
Conjurations   | 5 6 8 10 12 | 12.0
Fighting       | 2 7 8 10 | 10.1
Dodging        | 2 4 |  4.4
Stealth        | 3 4 |  4.2
Spellcasting   | 3 4 6 |  6.1
Evocations     | 4 8 |  8.9
Shields        | 1 |  1.3

Action                   |  1- 3 |  4- 6 |  7- 9 | 10-12 || total
-------------------------+-------+-------+-------+-------++-------
Melee: Unarmed           |    33 |       |       |       ||    33
       Tailslap          |     8 |    15 |    23 |    19 ||    65
       Dagger            |    27 |   127 |   196 |   175 ||   525
       Scimitar          |       |       |       |     2 ||     2
Throw: Javelin           |       |     2 |     5 |     7 ||    14
       Stone             |       |     1 |       |       ||     1
 Cast: Magic Dart        |    66 |    37 |    45 |    72 ||   220
       Searing Ray       |       |    15 |    47 |    70 ||   132
       Iskenderun's Myst |       |       |       |     4 ||     4
       Conjure Flame     |       |       |       |     8 ||     8
       Force Lance       |       |       |       |     6 ||     6
 Abil: Breathe Noxious F |       |       |    12 |    12 ||    24
Evoke: Wand              |       |       |     1 |     2 ||     3
  Use: Scroll            |     1 |     5 |    14 |     3 ||    23
       Potion            |       |       |       |    10 ||    10
 Stab: Sleeping          |       |     1 |     3 |     1 ||     5
       Confused          |       |       |     2 |       ||     2
       Distracted        |       |       |       |     1 ||     1
  Eat: Chunk             |     3 |    12 |    12 |    15 ||    42
       Ration            |       |       |     1 |     3 ||     4
Armor: Skin              |    10 |    43 |    73 |   104 ||   230
Dodge: Dodged            |    29 |    79 |   136 |   164 ||   408
